 Dungeon Crawl Stone Soup version 0.27-a0-203-gd48b2df3c9 (webtiles) character file.

Game seed: 16863846369460141950

48 Sousig the Grave Robber (level 3, 0/19 HPs)
             Began as a Deep Elf Necromancer on Jan 30, 2021.
             Slain by a quokka (2 damage)
             ... on level 3 of the Dungeon.
             The game lasted 00:21:37 (1748 turns).

Sousig the Grave Robber (Deep Elf Necromancer)      Turns: 1748, Time: 00:21:37

Health: 0/19       AC:  4    Str:  5    XL:     3   Next: 50%
Magic:  1/10       EV: 13    Int: 20    God:
Gold:   107        SH:  0    Dex: 15    Spells: 8/9 levels left

rFire    . . .     SeeInvis .   l - +0 dagger
rCold    . . .     Faith    .   (no shield)
rNeg     . . .     Spirit   .   a - +0 robe
rPois    .         Reflect  .   (no helmet)
rElec    .         Harm     .   v - +0 cloak
rCorr    .         Rampage  .   r - +0 pair of gloves
Will     .....                  (no boots)
Stlth    ++........             (no amulet)
HPRegen  0.06/turn              (no ring)
MPRegen  0.12/turn              (no ring)

@: no status effects
A: no striking features
a: no special abilities


You were on level 3 of the Dungeon.
You visited 1 branch of the dungeon, and saw 3 of its levels.

You collected 107 gold pieces.

Inventory:

Hand Weapons
 c - a +0 whip
 e - a +0 short sword
 g - a +0 club
 l - a +0 dagger (weapon)
 n - a +0 dagger
 s - a +0 whip
 t - a +0 club
 w - a +0 club
 x - a +0 hand axe
 z - a +0 short sword
 A - a +0 club
 D - a +0 spear
 E - a +0 dagger
 F - a +0 mace
Missiles
 d - 58 stones
 p - 29 bolts
 u - 15 arrows
Armour
 a - a +0 robe (worn)
 f - a +0 ring mail
 i - a +0 robe
 r - a +0 pair of gloves (worn)
 v - a +0 cloak (worn)
Scrolls
 j - a scroll of teleportation {unknown}
 m - a scroll of random uselessness {unknown}
 o - a scroll of remove curse {unknown}
 q - a scroll of amnesia {unknown}
 y - a scroll of enchant armour {unknown}
 B - a scroll of identify {unknown}
Potions
 b - a potion of lignification {unknown}
 h - 2 potions of cancellation {unknown}
 k - a potion of might
 C - 2 potions of haste {unknown}


   Skills:
 + Level 0.1 Short Blades
 + Level 0.2 Maces & Flails
 + Level 2.7 Dodging
 + Level 2.6 Stealth
 + Level 3.8 Spellcasting
 + Level 5.6 Necromancy


You had 8 spell levels left.
You knew the following spells:

 Your Spells              Type           Power        Failure   Level
a - Pain                  Necr           100%         1%          1

Your spell library contained the following spells:

 Spells                   Type           Power        Failure   Level
 Animate Skeleton         Necr           52%          1%          1
 Vampiric Draining        Necr           13%          3%          3
 Animate Dead             Necr           13%          13%         4
 Agony                    Necr           26%          34%         5


Dungeon Overview and Level Annotations

Branches:
Dungeon (3/15)

Altars:
Nemelex Xobeh


Message History

Confirm with . or Enter, or press ? or * to list all spells.
Aiming: Pain (safe; 1% risk of failure)
Press: ? - help, Shift-Dir - straight line, f/p - orc
Aim: an orc, wielding a +0 short sword and wearing a +0 chain mail (severely wounded, chance to affect: 93%)
The orc writhes in agony.
You kill the orc!
Casting: Pain (safe; 1% risk of failure)
Confirm with . or Enter, or press ? or * to list all spells.
Aiming: Pain (safe; 1% risk of failure)
Press: ? - help, Shift-Dir - straight line, f - quokka
Aim: a quokka (chance to affect: 93%)
The quokka barely resists.
The quokka misses you. The quokka bites you.
* * * LOW HITPOINT WARNING * * *
Casting: Pain (safe; 1% risk of failure)
Confirm with . or Enter, or press ? or * to list all spells.
Aiming: Pain (safe; 1% risk of failure)
Press: ? - help, Shift-Dir - straight line, f/p - quokka
Aim: a quokka (chance to affect: 93%)
The quokka writhes in agony.
The quokka bites you.
You die...

##....†..........
#....#.##########
#.##......# #.
#.#.##.# #
###.##.######
#...........#
#...........#
#...........#
#...@........
#..r)........
#............
#)...........
......######..
...)....# .
........#
........#
........#


You could see a quokka.

Vanquished Creatures
  An adder (D:2)
  An ooze (D:2)
  A dart slug (D:3)
  4 orcs (D:3)
  2 bats (D:2)
  4 goblins
  6 hobgoblins
  5 kobolds
  5 rats
29 creatures vanquished.

Notes
Turn   | Place    | Note
-------+----------+-------------------------------------------
     0 | D:1      | Sousig the Deep Elf Necromancer began the quest for the
                  | Orb.
     0 | D:1      | Reached XP level 1. HP: 10/10 MP: 6/6
     6 | D:1      | Noticed a redback
     6 | D:1      | Noticed a swamp worm
     6 | D:1      | Noticed a polar bear
     7 | D:1      | Noticed a water moccasin
   116 | D:1      | Reached skill level 5 in Necromancy
   793 | D:2      | Reached XP level 2. HP: 13/15 MP: 5/8
  1168 | D:2      | Found a faded altar of an unknown god.
  1182 | D:2      | Found a sparkling altar of Nemelex Xobeh.
  1360 | D:2      | Reached XP level 3. HP: 15/19 MP: 5/9
  1748 | D:3      | Slain by a quokka

Illustrated notes

Levels and vault maps discovered:
D:1:      onia_arrival_zoo_common, layout_basic
D:2:      layout_basic, chequers_ecumenical_altar_simple,
          nemelex_xobeh_ov_fountains_minmay
D:3:      layout_basic

Skill      XL: |  1 |
---------------+----+-----
Necromancy     | 5 |  5.6
Short Blades   | |  0.1
Maces & Flails | |  0.2
Dodging        | |  2.7
Stealth        | |  2.6
Spellcasting   | |  3.8

Action                   || total
-------------------------++-------
Melee: Whip              ||     7
       Dagger            ||    10
 Cast: Pain              ||    47
  Use: Potion            ||     1
 Stab: Sleeping          ||     1
Armor: Robe              ||     3
Dodge: Dodged            ||    13

Table legend: (Time is in decaauts)
 A = Elapsed time spent in this place.
 B = Non-inter-level travel time spent in this place.
 C = Inter-level travel time spent in this place.
 D = Time resting spent in this place.
 E = Time spent auto-exploring this place.
 F = Levels seen in this place.
 G = Mean time per level.
                   A        B        C        D        E       F      G
               +--------+--------+--------+--------+--------+-----+--------+
         Total |   1749 |   1354 |    395 |    233 |      0 |   3 |  583.0 |
       Dungeon |   1749 |   1354 |    395 |    233 |      0 |   3 |  583.0 |
               +--------+--------+--------+--------+--------+-----+--------+

Top non-repeatable levels by time:
     D:1: 899 daAuts
     D:2: 799 daAuts
     D:3: 50 daAuts
